 Dungeon Crawl Stone Soup version 0.31-a0-692-gf03d1854d5 (webtiles) character file.

Game seed: 10541234089750682463

257 qw the Shooter (level 6, -2/39 HPs)
             Began as a Gargoyle Hunter on Sept 6, 2023.
             Slain by an ogre
             ... wielding a +0 giant spiked club
              (18 damage)
             ... on level 4 of the Dungeon.
             The game lasted 00:01:12 (2569 turns).

qw the Shooter (Gargoyle Hunter)                    Turns: 2569, Time: 00:01:12

Health: -2/39      AC: 15    Str: 13 (15) XL:     6   Next: 16%
Magic:  6/6        EV: 11    Int:  8 (9)  God:
Gold:   199        SH:  0    Dex: 14 (15) Spells: 5/5 levels left

rFire   . . .        Y - +0 shortbow
rCold   . . .        (shield currently unavailable)
rNeg    + . .        m - +3 leather armour
rPois   inf          (no helmet)
rElec   +            a - +0 cloak {rPois}
rCorr   .            b - +1 pair of gloves of Pathos {rElec Will+}
SInv    .            j - +1 pair of boots
Will    +....        (no amulet)
Stlth   +            (no ring)
HPRegen 0.26/turn    (no ring)
MPRegen 0.10/turn

%: no passive effects
@: no status effects
A: sickness immunity, AC +4, negative energy resistance 1, electricity
resistance, torment resistance 1, petrification resistance
a: no special abilities


You were on level 4 of the Dungeon.
You visited 1 branch of the dungeon, and saw 4 of its levels.

You collected 199 gold pieces.


Innate Abilities, Weirdness & Mutations

You are immune to sickness and miasma.
Your stone body is resilient. (AC +4)
You are immune to poison.
You resist negative energy. (rN+)
You are resistant to electric shocks. (rElec)
You are resistant to unholy torment.
You are immune to petrification.


   Skills:
 - Level 4.6 Fighting
 + Level 6.0 Ranged Weapons
 - Level 1.0 Armour
 - Level 1.5 Dodging
 - Level 1.1 Stealth


You had 5 spell levels left.
You didn't know any spells.
Your spell library was empty.

Inventory:

Hand Weapons
 Y - a +0 shortbow (weapon)
Armour
 a - a +0 cloak of poison resistance (worn)
 b - the +1 pair of gloves of Pathos (worn) {rElec Will+}
   (You acquired it on level 2 of the Dungeon)

   rElec:     It insulates you from electricity.
   Will+:     It increases your willpower.
 j - a +1 pair of boots (worn)
 m - a +3 leather armour (worn)
 o - a +0 helmet
Wands
 e - a wand of digging (3)
Scrolls
 c - a scroll of identify
 f - a scroll of teleportation
Potions
 d - a potion of might {unknown}
 g - a potion of resistance {unknown}
 h - a potion of lignification {unknown}
 i - a potion of mutation {unknown}
 k - a potion of enlightenment {unknown}
 l - 2 potions of invisibility {unknown}
 n - a potion of heal wounds
 p - 2 potions of brilliance {unknown}

Dungeon Overview and Level Annotations

Branches:
Dungeon (4/15)
 Temple: D:4-7

Altars:
Xom


Message History

The giant cockroach completely misses you.
A goblin comes into view. It is wielding a +0 dagger.
The giant cockroach bites you but does no damage.
Enter note:
Enter note:
Enter note:
2563 |||
Found retreat position at 5,5 (floor) with 0 blocking monsters and 2 monsters attacking at destination at distance 7
Enter note:
Enter note:
Enter note:
2563 ||| Stepping ~*~*~tactically~*~*~ (retreating).
The giant cockroach attacks as it pursues you!
The giant cockroach closely misses you.
You shoot an arrow.
The arrow completely misses the giant cockroach.
The arrow hits the orc.
The orc is almost dead.
The giant cockroach bites you but does no damage.
You shoot an arrow. The arrow hits the giant cockroach.
You kill the giant cockroach!
The hobgoblin hits you but does no damage.
You shoot an arrow. The arrow barely misses the kobold.
The kobold hits you but does no damage. The hobgoblin hits you.
The kobold barely misses you.
You shoot an arrow. The arrow closely misses the kobold.
The hobgoblin barely misses you. The kobold hits you but does no damage.
The ogre hits you with a +0 giant spiked club!!
Ouch! That really hurt!
The orc closely misses you.
You shoot an arrow. The arrow barely misses the ogre.
The arrow barely misses the orc.
The arrow closely misses the quokka.
The arrow barely misses the ball python.
The arrow hits the iguana!
The iguana is heavily wounded.
The hobgoblin hits you. The kobold hits you with a +0 dagger.
The orc hits you but does no damage.
You shoot an arrow.
The arrow hits the ogre but does no damage.
The ogre hits you with a +0 giant spiked club!!
You die...

.'....)..........##h.?##.......).
.#############...# K...#.##..####
.# #...# S..?#.....### .# #...#
.K.(#.#+#[..# .# #...##KKl ###
##..## .# #....#'# #.... .#
#....oS# ##.##. .# #...Or##
####..# . .# #..@K.# #....## .#
#..g..# #.#### ##.....## ##.#
#.......####..# #............##
#........##### ##.....[..#
#.........# ##.........#


You could see an ogre, an iguana, an orc, a quokka, a hobgoblin, a ball python
and 4 kobolds.

Vanquished Creatures
  An ogre (D:4)
  An iguana (D:4)
  4 adders
  A dart slug (D:2)
  8 orcs (D:3)
  12 ball pythons
  9 endoplasms
  8 giant cockroaches
  10 goblins
  12 hobgoblins
  9 kobolds
  3 quokkas
  5 bats
  3 frilled lizards
  3 rats
89 creatures vanquished.

Notes
Turn   | Place    | Note
-------+----------+-------------------------------------------
     0 | D:1      | qw the Gargoyle Hunter began the quest for the Orb.
     0 | D:1      | Reached XP level 1. HP: 12/12 MP: 1/1
     0 | D:1      | 0 ||| qw: Version: 0.3-a-76-g4403597
     0 | D:1      | 0 ||| qw: Game counter: 350
     0 | D:1      | 0 ||| qw: Melee chars always use a shield: true
     0 | D:1      | 0 ||| qw: God list: Okawaru
     0 | D:1      | 0 ||| qw: Allow faded altars: false
     0 | D:1      | 0 ||| qw: Do Orc after clearing Dungeon:15 true
     0 | D:1      | 0 ||| qw: Do second Lair branch before Depths: true
     0 | D:1      | 0 ||| qw: Lair rune preference: random
     0 | D:1      | 0 ||| qw: Goals: Normal
     0 | D:1      | 0 ||| PLANNING D:1-11
    74 | D:1      | Reached XP level 2. HP: 17/17 MP: 2/2
   358 | D:1      | Reached XP level 3. HP: 21/21 MP: 3/3
   378 | D:1      | Reached skill level 5 in Ranged Weapons
   750 | D:1      | 750 ||| UPGRADING to +0 ring mail.
   760 | D:1      | 760 ||| DROPPING +0 leather armour.
   761 | D:1      | 761 ||| UPGRADING to +0 pair of boots.
   766 | D:1      | 766 ||| READING scroll labelled KUIGOW DEWNUMP.
   767 | D:1      | 767 ||| READING scroll labelled ANIARO QEAMOMM.
   768 | D:1      | 768 ||| READING scroll labelled AWNICA ROISSEZ.
   769 | D:1      | 769 ||| READING 2 scrolls labelled CUIDAM BIOSET.
   770 | D:1      | 770 ||| READING scroll labelled SEDOUN OHAYCWA.
   771 | D:1      | 771 ||| DROPPING scroll of butterflies.
   772 | D:1      | 772 ||| DROPPING scroll of fog.
   822 | D:2      | Reached skill level 1 in Armour
   887 | D:2      | Reached skill level 3 in Fighting
   887 | D:2      | Reached XP level 4. HP: 28/28 MP: 4/4
   908 | D:2      | Found a shimmering altar of Xom.
  1282 | D:2      | 1282 ||| UPGRADING to +0 cloak of poison resistance.
  1287 | D:2      | 1287 ||| READING scroll labelled ZETEFAG IFOR.
  1288 | D:2      | 1288 ||| READING scroll labelled UNNA XYVEIHUL.
  1288 | D:2      | Identified a scroll of acquirement
  1288 | D:2      | 1288 ||| ACQUIRING +1 pair of gloves of Pathos {rElec
                  | Will+}
  1288 | D:2      | Acquired the +1 pair of gloves of Pathos {rElec Will+}
  1290 | D:2      | 1290 ||| UPGRADING to +1 pair of gloves of Pathos {rElec
                  | Will+}.
  1295 | D:2      | 1295 ||| READING scroll labelled REAROU SAESUU.
  1751 | D:3      | Identified the +7 trident of Vaohuam {vamp, Dex+3}
  1763 | D:3      | Reached XP level 5. HP: 32/32 MP: 5/5
  2209 | D:3      | 2209 ||| UPGRADING to +3 leather armour.
  2219 | D:3      | 2219 ||| DROPPING +0 ring mail.
  2220 | D:3      | 2220 ||| READING 2 scrolls labelled TUZXUJ PEWN.
  2221 | D:3      | 2221 ||| READING scroll of enchant armour.
  2221 | D:3      | 2221 ||| ENCHANTING +0 pair of boots.
  2222 | D:3      | 2222 ||| DRINKING 2 purple potions.
  2223 | D:3      | 2223 ||| DRINKING 2 red potions.
  2224 | D:3      | 2224 ||| DROPPING potion of degeneration.
  2295 | D:4      | Reached skill level 6 in Ranged Weapons
  2420 | D:4      | Noticed an ogre
  2430 | D:4      | Killed an ogre
  2431 | D:4      | Reached XP level 6. HP: 39/39 MP: 6/6
  2559 | D:4      | 2559 ||| Stepping ~*~*~tactically~*~*~ (retreating).
  2563 | D:4      | 2563 ||| Stepping ~*~*~tactically~*~*~ (retreating).
  2569 | D:4      | Slain by an ogre

Levels and vault maps discovered:
D:1:      lemuel_arrival_hallway, layout_loops_cross, minmay_pentomino_o2
D:2:      layout_rooms, basic_altar
D:3:      layout_basic
D:4:      layout_basic, minmay_joined_circles

Skill      XL: |  1  2  3  4  5 |
---------------+----------------+-----
Ranged Weapons | 5 6 |  6.0
Armour         | 1 |  1.0
Fighting       | 3 4 |  4.6
Dodging        | |  1.5
Stealth        | |  1.1

Action                     |  1- 3 |  4- 6 || total
---------------------------+-------+-------++-------
   Fire: Shortbow          |   103 |   194 ||   297
    Use: Scroll            |     5 |     5 ||    10
         Potion            |       |     2 ||     2
 Armour: Leather armour    |    11 |    19 ||    30
         Ring mail         |     2 |    48 ||    50
  Dodge: Dodged            |    17 |    83 ||   100

Table legend:
 A = Non-vault XP
 B = Vault XP
 C = Vault XP percentage of total XP
 D = Non-vault monster count
 E = Vault monster count
 F = Vault count percentage of total count
                 A         B        C        D         E       F
            +---------+---------+-------+---------+---------+-------
      Total |     360 |       8 |   2.2 |      85 |       4 |   4.5
            +---------+---------+-------+---------+---------+-------
        D:1 |      57 |       4 |   6.6 |      32 |       2 |   5.9
        D:2 |      75 |       0 |   0.0 |      21 |       0 |   0.0
        D:3 |      44 |       0 |   0.0 |      21 |       0 |   0.0
        D:4 |     184 |       4 |   2.1 |      11 |       2 |  15.4
            +---------+---------+-------+---------+---------+-------
